 Dungeon Crawl Stone Soup version 0.30-a0-540-g0af01429fa (webtiles) character file.

Game seed: 6260496104403934901

124 bande the Trooper (level 5, -2/33 HPs)
             Began as a Gargoyle Fighter on Dec 26, 2022.
             Slain by an iguana (3 damage)
             ... on level 4 of the Dungeon.
             The game lasted 00:03:30 (2433 turns).

bande the Trooper (Gargoyle Fighter)                Turns: 2433, Time: 00:03:31

Health: -2/33      AC: 11    Str: 20    XL:     5   Next: 8%
Magic:  5/5        EV:  9    Int:  8    God:
Gold:   171        SH:  4    Dex: 11    Spells: 4/4 levels left

rFire   . . .      SeeInvis .    a - +0 war axe
rCold   . . .      Faith    .    c - +0 buckler
rNeg    + . .      Spirit   .    b - +0 scale mail
rPois   ∞          Reflect  .    (no helmet)
rElec   +          Harm     .    (no cloak)
rCorr   .          Rampage  .    (no gloves)
Will    .....                    (no boots) Stlth
                                 (no amulet)
HPRegen 0.25/turn                j - ring of flight
MPRegen 0.09/turn                (no ring)

@: flying
A: sickness immunity, AC +4, negative energy resistance 1, electricity
resistance, torment resistance 1, petrification resistance
a: no special abilities


You were on level 4 of the Dungeon.
You visited 1 branch of the dungeon, and saw 4 of its levels.

You collected 171 gold pieces.

Inventory:

Hand Weapons
 a - a +0 war axe (weapon)
 o - a +0 war axe
Armour
 b - a +0 scale mail (worn)
 c - a +0 buckler (worn)
Jewellery
 j - a ring of flight (left hand)
Wands
 s - a wand of iceblast (4)
Scrolls
 f - 3 scrolls of identify {unknown}
 h - a scroll of brand weapon {unknown}
 l - a scroll of fog {unknown}
 n - a scroll of magic mapping {unknown}
 p - a scroll of blinking {unknown}
 q - a scroll of fear {unknown}
 r - a scroll of teleportation {unknown}
Potions
 d - a potion of might
 e - 2 potions of degeneration {unknown}
 g - 2 potions of curing {unknown}
 i - a potion of haste {unknown}
 k - 2 potions of berserk rage {unknown}
 m - a potion of attraction {unknown}


   Skills:
 + Level 4.1 Fighting
 + Level 3.2 Axes
 + Level 4.0 Armour
 + Level 3.9 Shields


You had 4 spell levels left.
You didn't know any spells.
Your spell library contained the following spells:

 Spells                   Type           Power      Damage    Failure   Level
 Summon Small Mammal      Summ           0%         N/A       85%         1
 Call Canine Familiar     Summ           0%         N/A       99%         3
 Frozen Ramparts          Ice            0%         1d1       99%         3
 Summon Guardian Golem    Hex/Summ       0%         N/A       99%         3
 Ice Form                 Ice/Tmut       0%         N/A       100%        4
 Summon Ice Beast         Ice/Summ       0%         N/A       100%        4


Dungeon Overview and Level Annotations

Branches:
Dungeon (4/15)
 Temple: D:4-7

Altars:

Shops:
D:3 [   D:4 :


Innate Abilities, Weirdness & Mutations

You are immune to sickness and miasma.
Your stone body is resilient. (AC +4)
You are immune to poison.
You resist negative energy. (rN+)
You are resistant to electric shocks. (rElec)
You are resistant to unholy torment.
You are immune to petrification.


Message History

The iguana is heavily wounded.
The iguana bites you!
You are too injured to fight recklessly!
You are too injured to fight recklessly!
You are too injured to fight recklessly!
You are too injured to fight recklessly!
You are too injured to fight recklessly!
You are too injured to fight recklessly!
You are too injured to fight recklessly!
You hit the iguana but do no damage.
The iguana is heavily wounded.
The iguana barely misses you. The iguana bites you!
* * * LOW HITPOINT WARNING * * *
You barely miss the iguana.
The iguana is heavily wounded.
The iguana barely misses you.
You hit the iguana.
The iguana is severely wounded.
You block the iguana's attack.
The iguana bites you but does no damage.
You barely miss the iguana.
The iguana is severely wounded.
The iguana barely misses you.
You barely miss the iguana.
The iguana is severely wounded.
The iguana bites you but does no damage.
You barely miss the iguana.
The iguana is severely wounded.
The iguana barely misses you. You block the iguana's attack.
You hit the iguana.
The iguana is severely wounded.
The iguana bites you.
* * * LOW HITPOINT WARNING * * *
You completely miss the iguana.
The iguana is severely wounded.
The iguana closely misses you.
You barely miss the iguana.
The iguana is severely wounded.
The iguana closely misses you. The iguana bites you.
You die...

#..........#...'......
#..............'.8...>
#...).....##...#......
#.........##...#......
#.........##...+..#...
#.........##...#..#...
####......#.###...#..####
#........##.# #...#...
#.......@##.# #...#...
#.......l##.# #...
#........# #..$.....#
#...............
####+####?.?.... .......
=...... #.#....


You could see an iguana.

Vanquished Creatures
  2 adders (D:2)
  A gnoll (D:1)
  2 worms (D:2)
  4 dart slugs
  9 orcs (D:3)
  7 bats
  2 endoplasms (D:1)
  3 giant cockroaches
  7 goblins
  8 hobgoblins
  2 jackals (D:4)
  5 kobolds
  2 quokkas
  5 ball pythons
  4 frilled lizards
  10 rats
73 creatures vanquished.

Notes
Turn   | Place    | Note
-------+----------+-------------------------------------------
     0 | D:1      | bande the Gargoyle Fighter began the quest for the Orb.
     0 | D:1      | Reached XP level 1. HP: 14/14 MP: 1/1
   154 | D:1      | Reached XP level 2. HP: 19/19 MP: 2/2
   277 | D:1      | Reached XP level 3. HP: 24/24 MP: 3/3
   421 | D:1      | Found a faded altar of an unknown god.
   978 | D:2      | Reached XP level 4. HP: 29/29 MP: 4/4
  1739 | D:3      | Found Esynaej's Armour Shoppe.
  2298 | D:3      | Reached XP level 5. HP: 33/33 MP: 5/5
  2355 | D:4      | Found Qyn Uss's Book Emporium.
  2431 | D:4      | HP: 1/33 [iguana (3)]
  2433 | D:4      | Slain by an iguana

Illustrated notes

Levels and vault maps discovered:
D:1:      nzn_arrival_crosshair, layout_loops_ring,
          hellmonk_ecumenical_altar_heavens_door
D:2:      layout_basic
D:3:      layout_loops_ring, serial_shops, nicolae_shop_behind_doors
D:4:      layout_basic, serial_shops, nicolae_stop_n_shop_1, glass_columns_a

Skill      XL: |  1  2  3  4 |
---------------+-------------+-----
Axes           | 2 3 |  3.2
Fighting       | 4 |  4.1
Armour         | 4 |  4.0
Shields        | |  3.9

Action                   |  1- 3 |  4- 6 || total
-------------------------+-------+-------++-------
Melee: War axe           |    87 |   123 ||   210
Armor: Scale mail        |    55 |    63 ||   118
Dodge: Dodged            |    39 |    52 ||    91
Block: Buckler           |    20 |    31 ||    51

Table legend: (Time is in decaauts)
 A = Elapsed time spent in this place.
 B = Non-inter-level travel time spent in this place.
 C = Inter-level travel time spent in this place.
 D = Time resting spent in this place.
 E = Time spent auto-exploring this place.
 F = Levels seen in this place.
 G = Mean time per level.
                   A        B        C        D        E       F      G
               +--------+--------+--------+--------+--------+-----+--------+
         Total |   2516 |   2414 |    102 |      0 |   1848 |   4 |  629.0 |
       Dungeon |   2516 |   2414 |    102 |      0 |   1848 |   4 |  629.0 |
               +--------+--------+--------+--------+--------+-----+--------+

Top non-repeatable levels by time:
     D:1: 894 daAuts
     D:2: 794 daAuts
     D:3: 744 daAuts
     D:4: 83 daAuts
